 Dungeon Crawl Stone Soup version 0.25-a0-109-ge9c0e85935 (webtiles) character file.

Game seed: 13576428012473213620, levelgen mode: deterministic

41263 hittemvvvvvvvvvhard the Geomancer (level 14, -10/110 HPs)
             Began as a Formicid Earth Elementalist on Nov 17, 2019.
             Was the Champion of Kikubaaqudgha.
             Mangled by an entropy weaver (15 damage)
             ... on level 6 of the Lair of Beasts on Nov 18, 2019.
             The game lasted 01:24:24 (26576 turns).

hittemvvvvvvvvvhard the Geomancer (FoEE)           Turns: 26576, Time: 01:24:24

Health: -10/110    AC:  5    Str: 14    XL:     14   Next: 49%
Magic:  1/28       EV: 21    Int: 22    God:    Kikubaaqudgha [******]
Gold:   997        SH:  0    Dex: 16    Spells: 4/33 levels left

rFire    . . .     SeeInvis +   a - staff of wizardry {wiz+, !a}
rCold    . . .     Gourm    .   (no shield)
rNeg     . . .     Faith    +   c - +1 robe
rPois    +         Spirit   .   (helmet unavailable)
rElec    .         Reflect  .   K - +2 cloak
rCorr    .         Harm     .   (no gloves)
MR       +++..                  D - +2 pair of boots
Stlth    +++.......             F - amulet of faith {Faith, !P}
HPRegen  0.28/turn              P - ring of poison resistance
MPRegen  0.21/turn              t - ring of the Mage {Wiz MR++ Int+3}

@: agile, lethally poisoned (-10 -> -14), corroded, studying Armour
A: permanent stasis, dig shafts and tunnels, four strong arms, antennae 3
a: Dig, Shaft Self, Receive Corpses, Torment, Brand Weapon With Pain, Receive
Necronomicon, Renounce Religion


You were on level 6 of the Lair of Beasts.
You worshipped Kikubaaqudgha.
Kikubaaqudgha was exalted by your worship.
You were not hungry.

You visited 2 branches of the dungeon, and saw 17 of its levels.
You also visited: Gauntlet and Volcano.

You collected 997 gold pieces.

Inventory:

Hand Weapons
 b - the +7 arbalest of the Vulture {flame, rF+ Str+2}
   (You took it off a gnoll on level 6 of the Dungeon)

   It causes projectiles fired from it to burn those they strike, causing extra
   injury to most foes and up to half again as much damage against particularly
   susceptible opponents.
   It affects your strength (+2).
   It protects you from fire.
 z - a +6 dagger of venom
Missiles
 x - 34 poisoned darts
 E - 16 javelins
 I - 7 boomerangs of dispersal {=f}
 M - 5 silver javelins
 Q - 42 stones (quivered)
Armour
 c - a +1 robe (worn)
 q - a +0 large shield
 D - a +2 pair of boots (worn)
 K - a +2 cloak (worn)
Magical Staves
 a - an uncursed staff of wizardry (weapon) {wiz+, !a}
Jewellery
 i - an uncursed ring of flight
 t - the ring of the Mage (right hand) {Wiz MR++ Int+3}
   (You found it in a Gauntlet)

   [ring of wizardry]

   It improves your spell success rate.
   It affects your intelligence (+3).
   It affects your resistance to hostile enchantments.
 u - the amulet of the Zebra {+Rage rElec Str+3 Dex+4}
   (You found it in a Gauntlet)

   [amulet of rage]

   It affects your strength (+3).
   It affects your dexterity (+4).
   It insulates you from electricity.
   It lets you go berserk.
 F - an amulet of faith (around neck) {Faith, !P}
 N - an uncursed ring of positive energy {rN+}
 P - a ring of poison resistance (left hand)
 S - an uncursed amulet of the acrobat
Wands
 d - a wand of disintegration (16)
 B - a wand of flame (45)
 H - a wand of acid (5)
 J - a wand of paralysis (8)
 X - a wand of iceblast (3)
Scrolls
 n - 6 scrolls of enchant weapon
 y - 3 scrolls of torment {!r}
 L - a scroll of amnesia
 R - a scroll of remove curse
 V - a scroll of holy word {!r}
 W - a scroll of vulnerability {unknown}
Potions
 f - a potion of ambrosia
 g - 4 potions of might
 h - 3 potions of mutation {!q}
 m - 2 potions of magic
 o - 2 potions of heal wounds
 r - a potion of resistance
 v - 2 potions of invisibility
 w - 2 potions of lignification {!q}
 A - 4 potions of agility
 C - 8 potions of curing
 U - a potion of berserk rage {!q}
 Y - a potion of brilliance {unknown}
 Z - a potion of flight
Books
 l - a manual of Armour {!d}
Miscellaneous
 j - a box of beasts
 k - a lamp of fire
 G - a phantom mirror
 T - a fan of gales
Comestibles
 e - 14 rations


   Skills:
 - Level 10.0 Fighting
 + Level 6.4 Dodging
 - Level 2.4 Stealth
 - Level 10.0 Spellcasting
 + Level 7.0 Conjurations
 - Level 4.7 Hexes
 - Level 9.0 Necromancy
 - Level 5.7 Transmutations
 + Level 14.8 Earth Magic
 - Level 6.0 Evocations


You had 4 spell levels left.
You knew the following spells:

 Your Spells              Type           Power        Failure   Level  Hunger
a - Sandblast             Erth           ######       0%          1    None
b - Pain                  Necr           ####         1%          1    None
c - Confusing Touch       Hex            ####..       1%          1    None
d - Borgnjor's Vile Clut  Necr/Erth      ######....   1%          5    ####...
e - Dispel Undead         Necr           ######..     1%          5    ####...
f - Iron Shot             Conj/Erth      ######....   3%          6    ######.
w - Passwall              Tmut/Erth      ######..     1%          2    None
x - Stone Arrow           Conj/Erth      ######       1%          3    None
z - Lee's Rapid Deconstr  Erth           ######....   1%          5    ####...

Your spell library contained the following spells:

 Spells                   Type           Power        Failure   Level  Hunger
 Animate Skeleton         Necr           N/A          1%          1    None
 Apportation              Tloc           ##....       1%          1    None
 Beastly Appendage        Tmut           #####.       1%          1    None
 Summon Small Mammal      Summ           ##..         1%          1    None
 Corpse Rot               Necr           N/A          1%          2    None
 Sticks to Snakes         Tmut           #####...     1%          2    None
 Sublimation of Blood     Necr           ######....   1%          2    None
 Regeneration             Chrm/Necr      ####......   1%          3    None
 Spider Form              Tmut/Pois      ###.......   1%          3    None
 Leda's Liquefaction      Hex/Erth       ######....   1%          4    ##.....
 Petrify                  Tmut/Erth      ######..     1%          4    ##.....
 Ice Form                 Ice/Tmut       ###.....     5%          4    ##.....
 Summon Lightning Spire   Summ/Air       ##......     16%         4    ##.....
 Bolt of Draining         Conj/Necr      #####.....   1%          5    ####...
 Bolt of Magma            Conj/Fire/Erth #####.....   2%          5    ####...
 Blade Hands              Tmut           #####.....   4%          5    ####...
 Statue Form              Tmut/Erth      ######...    4%          6    ######.
 Death Channel            Necr           ######....   6%          6    ######.
 Silence                  Hex/Air        ###.......   17%         5    ####...
 Simulacrum               Ice/Necr       ####......   34%         6    ######.
 Conjure Ball Lightning   Conj/Air       ####......   45%         6    ######.
 Deflect Missiles         Chrm/Air       ##........   89%         6    ######.
 Shatter                  Erth           ######....   96%         9    #######
 Tornado                  Air            ##........   100%        9    #######


Dungeon Overview and Level Annotations

Branches:
Dungeon (11/15)            Temple (0/1) D:7            Lair (6/6) D:11
  Swamp (0/4) Lair:2       Spider (0/4) Lair:3      Volcano (visited)
Gauntlet (visited)
  Slime: Lair:5-6       Orc: D:9-12

Altars:
Ashenzari
Gozag
Kikubaaqudgha
Nemelex Xobeh
Ru
Sif Muna
Uskayaw
Wu Jian
Xom
Yredelemnul
The Shining One

Shops:
D:6 =

Annotations:
D:3 3 runed translucent doors, Calas's ghost, amateur GrFi
D:8 1 runed translucent door, bmj180's ghost, novice GrEE
D:11 2 exclusions, Erolcha
Lair:3 2 runed translucent doors entropy weavers + fire crabs, Duod's ghost, journeyman MiBe
Lair:4 Rupert
Lair:6 exclusion: upstairs


Innate Abilities, Weirdness & Mutations

You cannot be hasted, slowed, berserked, paralysed or teleported.
You can dig through walls and to a lower floor.
Your four strong arms can wield two-handed weapons with a shield.
You have a pair of large antennae on your head. (SInv)


Message History

Unknown command.
You feel much better.
You feel sick. The entropy weaver hits you!
* * * LOW HITPOINT WARNING * * *
The entropy weaver hits you!
* * * LOW HITPOINT WARNING * * *
The entropy weaver misses you. The entropy weaver hits you.
* * * LOW HITPOINT WARNING * * *
You take 6 damage, and have 5/110 hp.
Here: an entropy weaver (moderately wounded)
A soldier ant corpse.
The floor.
Okay, then.
Unknown command.
Okay, then.
Aim: an entropy weaver (moderately wounded, chance to defeat MR: 29%)
The entropy weaver easily resists.
* * * LOW HITPOINT WARNING * * *
You feel sick. The entropy weaver hits you!
You die...
Kikubaaqudgha rasps: "You have failed me!
Welcome... death!"

##..##...###....
##.########...##
#...######.P...#
#...#.##(..P...#
##.......(......
#..............
###a##((###......
##a#...#.# .......
#@#.aP########...#
###...# # #..#
#..##.# ...
##...###.. ..
#<.......
#........
#..#..#.. ..##..#
# ..P ...


You could see an entropy weaver.

Levels and vault maps discovered:
D:1:      lightli_arrival_flooded_house, layout_loops_ring
D:2:      layout_loops_ring, nicolae_overflow_crystal_walls,
          minmay_pentomino_v2, uniq_natasha
D:3:      layout_basic, first_ration, gammafunk_ghost_necromancy,
          dk_noncrumbling_3
D:4:      layout_basic, lemuel_crystal_altar
D:5:      minmay_clustersquares, layout_basic, gammafunk_temple_overflow_statue
D:6:      layout_basic, lemuel_zombie_altar_yredelemnul, kennysheep_mini,
          gammafunk_temple_overflow_elements, serial_shops, shop, tso_altar
D:7:      layout_basic, eat_drink_and_be_merry_uskayaw, minmay_temple_entry_mist
D:8:      layout_rooms, ebering_ghost_inner_flame, blue_anna_alchemist
          [blue_anna_fruit_fields, blue_anna_fruit_fields], minmay_door_square
D:9:      layout_long_grid
D:10:     layout_roguey, grunt_ashenzari_visionary
          [grunt_ashenzari_visionary_swamp, grunt_ashenzari_visionary_spider]
D:11:     layout_basic, david_lair_shrubbed, minmay_rotating_lava, uniq_erolcha
Lair:1:   kb_forest_paths, layout_long_grid, special_room [special_room_bee]
Lair:2:   layout_long_grid, minmay_swamp_entry_reptiles, gauntlet_entry_generic,
          grunt_megastairs_3
Lair:3:   gammafunk_mikee_crab_dinner, layout_chaotic_city,
          spider_nest_entry_web_field, enter_volcano_1, ebering_ghost_xom,
          columned_hall_lemuel, hibernation_bobbens, uniq_gastronok
Lair:4:   layout_hall_layers, minivault_11, worms_lemuel, grunt_megastairs_4,
          uniq_rupert, uniq_nessos
Lair:5:   layout_gridlike, nicolae_slime_entry_slimehenge, serial_bayou_shore_a,
          infiniplex_staircase_pool, serial_bayou_shore_b
Lair:6:   hangedman_lair_in_review, layout_small_grid,
          hangedman_lair_caniforms_friends, minivault_29

Notes
Turn   | Place    | Note
-------+----------+-------------------------------------------
     0 | D:1      | hittemvvvvvvvvvhard the Formicid Earth Elementalist began
                  | the quest for the Orb.
     0 | D:1      | Reached XP level 1. HP: 13/13 MP: 3/3
    15 | D:1      | hittemvvvvvvvvvhard: !lg
   165 | D:1      | Reached skill level 4 in Earth Magic
   350 | D:1      | Reached XP level 2. HP: 19/19 MP: 0/5
  1067 | D:2      | Noticed Natasha
  1080 | D:2      | Killed Natasha
  1080 | D:2      | Reached skill level 5 in Earth Magic
  1080 | D:2      | Reached XP level 3. HP: 15/24 MP: 3/6
  1315 | D:2      | Noticed Natasha
  1326 | D:2      | Killed Natasha
  1326 | D:2      | Reached XP level 4. HP: 16/30 MP: 1/7
  1328 | D:2      | Reached skill level 6 in Earth Magic
  1421 | D:2      | Noticed Natasha
  1423 | D:2      | Killed Natasha
  1777 | D:2      | Found an ancient bone altar of Kikubaaqudgha.
  1806 | D:2      | Reached XP level 5. HP: 32/35 MP: 8/8
  1931 | D:2      | Learned a level 3 spell: Stone Arrow
  1934 | D:2      | Learned a level 2 spell: Passwall
  1971 | D:2      | Became a worshipper of Kikubaaqudgha
  2601 | D:3      | Found a runed translucent gate.
  2608 | D:3      | Found a runed translucent gate.
  2609 | D:3      | Found a runed translucent gate.
  2616 | D:3      | Noticed Calas's ghost (amateur GrFi)
  2627 | D:3      | Reached skill level 1 in Fighting
  2744 | D:3      | Reached skill level 1 in Conjurations
  2744 | D:3      | Reached XP level 6. HP: 39/43 MP: 3/10
  4183 | D:3      | Reached * piety under Kikubaaqudgha
  4183 | D:3      | Identified Kikubaaqudgha's Guide on Unholy Secrets
                  | (Kikubaaqudgha gifted it to you on level 3 of the Dungeon)
  4183 | D:3      | Received a gift from Kikubaaqudgha
  4183 | D:3      | Reached skill level 2 in Fighting
  4183 | D:3      | Reached skill level 3 in Spellcasting
  4183 | D:3      | Reached skill level 7 in Earth Magic
  4244 | D:3      | Learned a level 1 spell: Pain
  4546 | D:4      | Reached XP level 7. HP: 50/50 MP: 9/11
  4692 | D:4      | Found a sacrificial altar of Ru.
  4911 | D:4      | Reached skill level 8 in Earth Magic
  5205 | D:5      | Entered Level 5 of the Dungeon
  5510 | D:5      | Learned a level 5 spell: Lee's Rapid Deconstruction
  5789 | D:5      | Reached skill level 9 in Earth Magic
  5936 | D:5      | Found an opulent altar of Gozag.
  5936 | D:5      | Found an ornate altar of the Wu Jian Council.
  5943 | D:5      | Reached skill level 2 in Dodging
  5995 | D:5      | Reached XP level 8. HP: 57/57 MP: 10/13
  6084 | D:5      | Reached ** piety under Kikubaaqudgha
  6084 | D:5      | Reached skill level 3 in Fighting
  6182 | D:5      | Learned a level 1 spell: Confusing Touch
  6252 | D:5      | Reached skill level 1 in Hexes
  6345 | D:5      | Noticed a two-headed ogre
  6943 | D:5      | Killed a two-headed ogre
  6943 | D:5      | Reached skill level 4 in Fighting
  6943 | D:5      | Reached skill level 4 in Spellcasting
  6943 | D:5      | Reached skill level 4 in Hexes
  6943 | D:5      | Reached skill level 10 in Earth Magic
  6943 | D:5      | Reached XP level 9. HP: 65/65 MP: 2/16
  7152 | D:5      | Reached skill level 5 in Spellcasting
  7506 | D:6      | Reached skill level 5 in Fighting
  7615 | D:6      | Identified the +7 arbalest of the Vulture {flame, rF+
                  | Str+2}
  8124 | D:6      | Found a shimmering altar of Xom.
  8160 | D:6      | Found a basalt altar of Yredelemnul.
  8519 | D:6      | Found Jucexti's Jewellery Shop.
  8574 | D:6      | Found a sparkling altar of Nemelex Xobeh.
  8574 | D:6      | Found a shimmering blue altar of Sif Muna.
  8650 | D:6      | Found a glowing golden altar of the Shining One.
  8762 | D:7      | Reached skill level 6 in Fighting
  8762 | D:7      | Reached skill level 6 in Spellcasting
  8857 | D:7      | Found a staircase to the Ecumenical Temple.
  8931 | D:7      | Reached skill level 11 in Earth Magic
  8931 | D:7      | Reached XP level 10. HP: 75/75 MP: 14/19
  9499 | D:7      | Found a hide-covered altar of Uskayaw.
  9506 | D:7      | Reached *** piety under Kikubaaqudgha
  9506 | D:7      | Identified Kikubaaqudgha's Handbook of Black Magic
                  | (Kikubaaqudgha gifted it to you on level 7 of the Dungeon)
  9506 | D:7      | Received a gift from Kikubaaqudgha
  9516 | D:7      | Learned a level 5 spell: Borgnjor's Vile Clutch
  9863 | D:7      | Reached skill level 2 in Transmutations
  9863 | D:7      | Reached skill level 3 in Dodging
 10016 | D:7      | Reached skill level 7 in Fighting
 10034 | D:7      | Reached skill level 3 in Transmutations
 10763 | D:8      | Found a runed translucent door.
 10766 | D:8      | Noticed bmj180's ghost (novice GrEE)
 10808 | D:8      | Reached skill level 4 in Transmutations
 11084 | D:8      | Noticed a gargoyle
 11086 | D:8      | Killed a gargoyle
 11164 | D:8      | Reached skill level 4 in Dodging
 11266 | D:8      | Reached skill level 5 in Transmutations
 12350 | D:9      | Reached skill level 1 in Necromancy
 12405 | D:9      | Reached skill level 2 in Necromancy
 12684 | D:9      | Reached XP level 11. HP: 70/85 MP: 16/20
 12794 | D:9      | Reached skill level 3 in Necromancy
 12988 | D:9      | Reached skill level 4 in Necromancy
 13455 | D:10     | Entered Level 10 of the Dungeon
 13500 | D:10     | Reached **** piety under Kikubaaqudgha
 13603 | D:10     | Reached skill level 5 in Necromancy
 13714 | D:10     | Noticed a two-headed ogre
 13730 | D:10     | Killed a two-headed ogre
 13730 | D:10     | Reached skill level 7 in Spellcasting
 13730 | D:10     | Reached skill level 6 in Necromancy
 14471 | D:10     | Found a shattered altar of Ashenzari.
 14475 | D:10     | Saw a vision of the Swamp and the Spider Nest.
 14475 | D:10     | Noticed a wolf spider
 14475 | D:10     | Noticed an alligator
 14475 | D:10     | Noticed an alligator
 14482 | D:10     | Noticed a wolf spider
 14630 | D:10     | Reached skill level 7 in Necromancy
 14976 | D:11     | Noticed a two-headed ogre
 15075 | D:11     | Killed a two-headed ogre
 15075 | D:11     | Reached skill level 8 in Fighting
 15973 | D:11     | Noticed Erolcha
 16146 | D:11     | Found a staircase to the Lair.
 16168 | D:11     | Noticed a brown ugly thing
 16251 | D:11     | Killed a brown ugly thing
 16706 | Lair:1   | Entered Level 1 of the Lair of Beasts
 16867 | Lair:1   | Reached skill level 5 in Dodging
 16867 | Lair:1   | Reached XP level 12. HP: 86/91 MP: 19/23
 16883 | Lair:1   | HP: 22/91 [poisoned by a spiny frog]
 16888 | Lair:1   | HP: 17/91 [poisoned by a spiny frog]
 16894 | Lair:1   | HP: 14/91 [poisoned by a spiny frog]
 16899 | Lair:1   | HP: 12/91 [poisoned by a spiny frog]
 16904 | Lair:1   | HP: 11/91 [poisoned by a spiny frog]
 16911 | Lair:1   | HP: 11/91 [poisoned by a spiny frog]
 16919 | Lair:1   | HP: 11/91 [poisoned by a spiny frog]
 17387 | Lair:1   | Reached skill level 8 in Spellcasting
 17404 | Lair:1   | Reached skill level 8 in Necromancy
 17477 | Lair:1   | Learned a level 5 spell: Dispel Undead
 17503 | Lair:1   | Reached skill level 12 in Earth Magic
 17505 | Lair:1   | Reached skill level 9 in Fighting
 18278 | Lair:1   | Reached ***** piety under Kikubaaqudgha
 18451 | Lair:1   | meem: I'm meem, an infobot run by MalcolmRoseGaming: Type
                  | !submeem to keep me in your games; !nomeem to shut me up
                  | forever; !meem for help; !whymeem if you want to know why
                  | meem exists. Visit http://youtube.com/malcolmrosegaming for
                  | more DCSS content.
 18451 | Lair:1   | Upgraded the game from 0.25-a0-108-gda8bd6cf83 to
                  | 0.25-a0-109-ge9c0e85935
 18566 | Lair:1   | HP: 13/93 [porcupine (14)]
 18574 | Lair:1   | HP: 24/96 [poisoned by a spiny frog]
 18580 | Lair:1   | HP: 23/96 [poisoned by a spiny frog]
 18586 | Lair:1   | HP: 23/96 [poisoned by a spiny frog]
 18594 | Lair:1   | HP: 23/96 [poisoned by a spiny frog]
 19835 | Lair:1   | Reached skill level 9 in Spellcasting
 19835 | Lair:1   | Reached skill level 2 in Conjurations
 20296 | Lair:1   | Learned a level 6 spell: Iron Shot
 20479 | Lair:2   | Reached skill level 9 in Necromancy
 20479 | Lair:2   | Reached XP level 13. HP: 88/103 MP: 15/26
 20506 | Lair:2   | Noticed a six-headed hydra
 20509 | Lair:2   | Killed a six-headed hydra
 20509 | Lair:2   | Reached skill level 10 in Fighting
 20689 | Lair:2   | Found a gate leading to a gauntlet.
 20698 | Gauntlet | Entered a Gauntlet
 20698 | Gauntlet | Found a transporter.
 20706 | Gauntlet | Found a transporter.
 20707 | Gauntlet | Found the ring of the Mage {Wiz MR++ Int+3}
 20709 | Gauntlet | Found a transporter.
 20717 | Gauntlet | Found a transporter.
 20719 | Gauntlet | Found a transporter.
 20727 | Gauntlet | Found a transporter.
 20743 | Gauntlet | Found a transporter.
 20746 | Gauntlet | Noticed a blizzard demon
 20753 | Gauntlet | Found a transporter.
 20756 | Gauntlet | Noticed a blizzard demon
 20763 | Gauntlet | Found a transporter.
 20763 | Gauntlet | Noticed a blizzard demon
 20783 | Gauntlet | Found a transporter.
 20785 | Gauntlet | Found a transporter.
 20793 | Gauntlet | Found a transporter.
 20847 | Gauntlet | Found a transporter.
 20851 | Gauntlet | Found a transporter.
 20860 | Gauntlet | Noticed a death ooze
 20993 | Gauntlet | Killed a death ooze
 20993 | Gauntlet | Reached skill level 3 in Conjurations
 21206 | Gauntlet | Reached skill level 13 in Earth Magic
 21383 | Gauntlet | Got a coiled zirconium amulet
 21410 | Gauntlet | Noticed a minotaur
 21416 | Gauntlet | Killed a minotaur
 21516 | Gauntlet | Identified the amulet of the Zebra {+Rage rElec Str+3
                  | Dex+4} (You found it in a Gauntlet)
 21974 | Lair:2   | Found a staircase to the Swamp.
 22158 | Lair:2   | Reached skill level 4 in Conjurations
 22423 | Lair:3   | Found a dark tunnel.
 22435 | Volcano  | Entered a volcano
 22761 | Volcano  | Reached skill level 10 in Spellcasting
 22785 | Volcano  | Reached skill level 5 in Conjurations
 23216 | Volcano  | Found a bloodstained altar of Trog.
 23224 | Volcano  | Noticed a red draconian
 23230 | Volcano  | Killed a red draconian
 23230 | Volcano  | Reached skill level 14 in Earth Magic
 23454 | Lair:3   | Reached skill level 1 in Evocations
 23493 | Lair:3   | Found a runed translucent door.
 23495 | Lair:3   | Found a shimmering altar of Xom.
 23496 | Lair:3   | Noticed Duod's ghost (journeyman MiBe)
 23677 | Lair:3   | Noticed a catoblepas
 23691 | Lair:3   | Killed a catoblepas
 23691 | Lair:3   | Reached skill level 2 in Evocations
 23810 | Lair:3   | Found a hole to the Spider Nest.
 23835 | Lair:3   | Found a runed translucent door.
 23845 | Lair:3   | Noticed Gastronok
 23853 | Lair:3   | Killed Gastronok
 23853 | Lair:3   | Reached skill level 6 in Conjurations
 23853 | Lair:3   | Reached skill level 3 in Evocations
 23898 | Lair:3   | Reached XP level 14. HP: 97/109 MP: 2/28
 24699 | Lair:3   | Noticed an entropy weaver
 24722 | Lair:4   | Reached skill level 4 in Evocations
 25102 | Lair:4   | Noticed Nessos
 25109 | Lair:4   | Killed Nessos
 25292 | Lair:4   | Reached skill level 5 in Evocations
 25417 | Lair:4   | Reached skill level 6 in Dodging
 26061 | Lair:4   | Noticed Rupert
 26072 | Lair:4   | You fall into a shaft and drop 2 floors!
 26072 | Lair:6   | Entered Level 6 of the Lair of Beasts
 26287 | Lair:6   | Reached skill level 6 in Evocations
 26296 | Lair:6   | Noticed an entropy weaver
 26506 | Lair:6   | Reached ****** piety under Kikubaaqudgha
 26507 | Lair:6   | Noticed an entropy weaver
 26511 | Lair:6   | Killed an entropy weaver
 26511 | Lair:6   | Reached skill level 7 in Conjurations
 26574 | Lair:6   | HP: 23/110 [entropy weaver (5)]
 26574 | Lair:6   | HP: 11/110 [entropy weaver (12)]
 26575 | Lair:6   | HP: 5/110 [entropy weaver (5)]
 26576 | Lair:6   | Mangled by an entropy weaver

Table legend:
 A = Turns spent in this place as a percentage of turns spent in the entire game.
 B = Non-inter-level travel turns spent in this place as a percentage of non-inter-level travel turns spent in the entire game.
 C = Inter-level travel turns spent in this place as a percentage of turns spent in this place.
 D = Turns resting spent in this place as a percentage of non-inter-level travel turns spent in this place.
 E = Turns spent auto-exploring this place as a percentage of non-inter-level travel turns spent in this place.
 F = Non-inter-level travel turns spent in this place divided by the number of levels of this place that you've seen.
                   A       B       C       D       E      F
               +-------+-------+-------+-------+-------+----------------------
         Total | 100.0 | 100.0 |   2.0 |   8.6 |  73.4 | 1370.8
       Dungeon |  62.9 |  62.5 |   2.5 |   5.7 |  75.9 | 1480.6
          Lair |  30.0 |  30.2 |   1.4 |  13.3 |  70.6 | 1311.3
       Volcano |   3.7 |   3.8 |   0.0 |   4.4 |  75.3 | 982.0
      Gauntlet |   3.4 |   3.5 |   0.0 |  24.3 |  50.2 | 909.0
               +-------+-------+-------+-------+-------+----------------------

Table legend:
 A = Kills in this place as a percentage of kills in entire the game.
 B = Kills by you in this place as a percentage of kills by you in the entire game.
 C = Kills by friends in this place as a percentage of kills by friends in the entire game.
 D = Other kills in this place as a percentage of other kills in the entire game.
 E = Experience gained in this place as a percentage of experience gained in the entire game.
 F = Experience gained in this place divided by the number of levels of this place that you have seen.
                   A       B       C       D       E      F
               +-------+-------+-------+-------+-------+----------------------
         Total | 100.0 | 100.0 |   N/A |   N/A | 100.0 | 3102.5
       Dungeon |  60.6 |  60.6 |   N/A |   N/A |  25.4 | 1360.0
          Lair |  33.5 |  33.5 |   N/A |   N/A |  55.9 | 5495.3
       Volcano |   4.4 |   4.4 |   N/A |   N/A |  13.1 | 7735.0
      Gauntlet |   1.5 |   1.5 |   N/A |   N/A |   5.6 | 3281.0
               +-------+-------+-------+-------+-------+----------------------

Skill      XL: |  1  2  3  4  5  6  7  8  9 10 11 12 13 14 |
---------------+-------------------------------------------+-----
Earth Magic    | 4 5 6 7 9 10 11 12 14 | 14.8
Fighting       | 1 2 4 6 7 8 9 10 | 10.0
Conjurations   | 1 2 6 7 |  7.0
Spellcasting   | 3 4 6 7 9 10 | 10.0
Dodging        | 2 4 5 6 |  6.4
Hexes          | 4 |  4.7
Transmutations | 5 |  5.7
Necromancy     | 2 7 9 |  9.0
Evocations     | 3 6 |  6.0
Stealth        | |  2.4

Action                   |  1- 3 |  4- 6 |  7- 9 | 10-12 | 13-15 || total
-------------------------+-------+-------+-------+-------+-------++-------
Melee: Unarmed           |     2 |       |       |       |       ||     2
       Short sword       |    23 |    35 |       |       |       ||    58
       Dagger            |       |    38 |    43 |   101 |    28 ||   210
 Fire: Arbalest          |       |       |       |    74 |    42 ||   116
Throw: Javelin           |       |       |       |       |     2 ||     2
 Cast: Sandblast         |    20 |    45 |   100 |   172 |    37 ||   374
       Lee's Rapid Decon |       |       |    17 |    55 |    26 ||    98
       Stone Arrow       |       |       |    20 |   100 |    88 ||   208
       Passwall          |       |       |       |     7 |       ||     7
       Borgnjor's Vile C |       |       |       |    10 |     4 ||    14
       Iron Shot         |       |       |       |       |    30 ||    30
 Abil: Dig               |       |       |       |     1 |     1 ||     2
       Shaft Self        |       |       |       |       |     1 ||     1
Evoke: Wand              |       |       |     5 |     4 |     6 ||    15
       Box of beasts     |       |       |       |       |     1 ||     1
  Use: Scroll            |     6 |     5 |     7 |    14 |     6 ||    38
       Potion            |       |       |       |     1 |     4 ||     5
 Stab: Sleeping          |     2 |     2 |       |     4 |       ||     8
  Eat: Chunk             |     1 |    11 |    14 |    26 |    17 ||    69
       Ration            |       |       |     2 |     9 |     6 ||    17
Armor: Robe              |    10 |    15 |     7 |    57 |    22 ||   111
Dodge: Dodged            |    18 |    52 |    46 |   160 |    70 ||   346

Vanquished Creatures
  Gastronok (Lair:3)
  An entropy weaver (Lair:6)
  Nessos (Lair:4)
  A red draconian (Volcano)
  A minotaur (Gauntlet)
  A death ooze (Gauntlet)
  3 hydras
  A catoblepas (Lair:3)
  An ogre mage (Volcano)
  7 two-headed ogres
  A necromancer (Gauntlet)
  An ugly thing (D:11)
  6 black mambas
  2 molten gargoyles (Volcano)
  2 gargoyles
  9 spiny frogs
  3 komodo dragons
  A queen bee (Lair:1)
  A troll (D:10)
  6 dream sheep
  13 blink frogs
  2 hippogriffs
  6 spriggans (Lair:1)
  3 wyverns
  4 fire bats (Volcano)
  2 hungry ghosts
  6 yaks
  8 soldier ants (Lair:6)
  10 water moccasins
  11 porcupines
  A black bear (D:10)
  5 orc warriors
  4 sky beasts
  2 phantoms
  An ice beast (D:7)
  3 necrophages
  14 wolves
  2 ogres
  5 centaurs
  15 crocodiles
  2 big kobolds
  10 bullfrogs
  8 scorpions
  19 killer bees (Lair:1)
  23 wights
  3 centaur zombies
  2 crimson imps
  6 lava snakes (Volcano)
  3 bullfrog zombies
  4 hounds
  5 orc priests
  3 centaur skeletons
  4 iguanas
  A jelly (D:9)
  2 orc wizards
  3 gnoll shamans
  2 bullfrog skeletons (D:8)
  Natasha (thrice) (D:2)
  11 worker ants
  2 killer bee zombies
  A hound zombie (D:7)
  A worker ant zombie (D:7)
  20 gnolls
  11 adders
  4 shadow imps
  2 adder skeletons
  2 worms
  5 leopard geckos
  28 orcs
  5 bats
  3 giant cockroaches
  2 gnoll zombies (D:6)
  5 hobgoblins
  4 jackals (D:3)
  12 kobolds
  3 quokkas
  A ball python (D:2)
  5 frilled lizards
  4 goblins
  A jackal skeleton (D:5)
  A leopard gecko skeleton (D:5)
  3 rats
406 creatures vanquished.

Vanquished Creatures (others)
  9 fungi
  7 plants
16 creatures vanquished.

Grand Total: 422 creatures vanquished
